 Dungeon Crawl Stone Soup version 0.31-a0-836-g3ceb0a68c4 (webtiles) character file.

Game seed: 15276973966749438794

5714 lunkers the Martial Artist (level 11, -7/89 HPs)
             Began as a Meteoran Shapeshifter on Sept 26, 2023.
             Was a High Priest of Okawaru.
             Splashed by a brown ugly thing's acid (9 damage)
             ... on level 8 of the Dungeon.
             The game lasted 00:16:05 (3360 turns).

lunkers the Martial Artist (Meteoran Shapeshifter)  Turns: 3360, Time: 00:16:06

Health: -7/89      AC:  0    Str: 16    XL:     11   Next: 25%
Magic:  16/17      EV: 18    Int: 13    God:    Okawaru [*****.]
Gold:   1136       SH: 11    Dex: 17    Spells: 10/10 levels left

rFire   . .          .
                       - Unarmed
rCold   . . .        m - +0 buckler
rNeg    . . .        p - +1 leather armour
rPois   .            (helmet currently unavailable)
rElec   .            (cloak currently unavailable)
rCorr   .            (gloves currently unavailable)
SInv    .            (boots currently unavailable)
Will    +....        s - amulet of reflection
Stlth   +            h - +4 ring of protection
HPRegen 0.34/turn    (no ring)
MPRegen 0.15/turn

%: reflection
@: beast-form, heroic, corroded, glowing, studying Translocations
A: beast (slay +4), sense surroundings 2, otherworldly, glowing, explore regen
a: Begin Untransformation, Renounce Religion, Heroism, Finesse, Duel


You were on level 8 of the Dungeon.
You worshipped Okawaru.
Okawaru was extremely pleased with you.
You were a hulking beast.
You visited 1 branch of the dungeon, and saw 8 of its levels.

You collected 1194 gold pieces.
You spent 58 gold pieces at shops.

Inventory:

Armour
 m - a +0 buckler (worn)
 p - a +1 leather armour (worn)
 y - a +0 pair of boots
 D - a +0 cloak
Jewellery
 a - an amulet of magic regeneration
 h - a +4 ring of protection (left hand)
 s - an amulet of reflection (around neck)
 A - an amulet of regeneration
Talismans
 c - a beast talisman (active)
 d - a flux talisman
 v - a maw talisman
Wands
 b - a wand of roots (8)
 u - a wand of digging (6)
Scrolls
 f - a scroll of noise
 g - a scroll of teleportation
 l - a scroll of fear
 w - a scroll of poison
 B - a scroll of amnesia
 C - a scroll of immolation
Potions
 e - 2 potions of heal wounds
 i - 2 potions of invisibility
 j - a potion of berserk rage
 k - 2 potions of curing
 n - a potion of attraction {unknown}
 o - 3 potions of haste
 q - a potion of mutation {unknown}
 r - a potion of cancellation {unknown}
 t - a potion of ambrosia {unknown}
 x - 2 potions of brilliance
 z - a potion of magic {unknown}


   Skills:
 + Level 6.2(11.2) Fighting
 + Level 6.5(11.5) Dodging
 * Level 12.6(17.6) Unarmed Combat
 - Level 7.0 Invocations
 + Level 8.7 Shapeshifting


You had 10 spell levels left.
You didn't know any spells.
Your spell library contained the following spells:

 Spells                   Type           Power      Damage    Failure   Level
 Gell's Gravitas          Tloc           0%         N/A       80%         3
 Ignite Poison            Fire/Tmut/Pois 0%         N/A       80%         3
 Teleport Other           Tloc           0%         N/A       80%         3
 Volatile Blastmotes      Fire/Tloc      0%         2d10      80%         3
 Fulminant Prism          Conj/Hex       0%         3d5       99%         4
 Iskenderun's Mystic Bla  Conj/Tloc      0%         2d3       99%         4
 Passage of Golubria      Tloc           0%         N/A       99%         4
 Sticky Flame             Conj/Fire      0%         2d3       99%         4
 Yara's Violent Unravell  Hex/Tmut       0%         3d3       100%        5
 Dispersal                Tloc           0%         N/A       100%        6
 Ignition                 Fire           0%         3d3       100%        8
 Tukima's Dance           Hex            Unusable   N/A       N/A         3

Dungeon Overview and Level Annotations

Branches:
Dungeon (8/15) Zot: 1518   Temple (0/1) D:5
   Lair: D:8-11

Altars:
Ashenzari
Dithmenos
Elyvilon
Kikubaaqudgha
Okawaru
Trog
Wu Jian
Xom
Zin

Shops:
D:2 [   D:6 [=(*[

Portals:
Abyss: D:5

Annotations:
D:5 1 transporter, soul19's ghost, novice DsFi
D:6 2 runed translucent doors, Kurtz's ghost, novice OpFi


Innate Abilities, Weirdness & Mutations

You are a hulking beast.
Your limbs bulge with bestial killing power. (Slay +4)
You passively map the area around you.
You are easily found by Zot.
You glow in the dark.
You regain HP and MP as you explore.


Message History

You are splashed with acid.
* * * LOW HITPOINT WARNING * * *
You gain the combat prowess of a mighty hero.
The brown ugly thing tail-slaps you!
* * * LOW HITPOINT WARNING * * *
The acid corrodes you!
You are splashed with acid!
* * * LOW HITPOINT WARNING * * *
You punch the brown ugly thing!
The brown ugly thing is moderately wounded.
Unknown command.
You barely miss the brown ugly thing.
The brown ugly thing is moderately wounded.
The brown ugly thing tail-slaps you.
* * * LOW HITPOINT WARNING * * *
You are splashed with acid!
* * * LOW HITPOINT WARNING * * *
You punch the brown ugly thing!
The brown ugly thing is heavily wounded.
The brown ugly thing barely misses you.
Unknown command.
You hit the brown ugly thing.
The brown ugly thing is heavily wounded.
You block the brown ugly thing's attack.
You closely miss the brown ugly thing.
The brown ugly thing is heavily wounded.
You punch the brown ugly thing!
The brown ugly thing is severely wounded.
You block the brown ugly thing's attack.
You hit the brown ugly thing but do no damage.
The brown ugly thing is severely wounded.
The brown ugly thing tail-slaps you!
* * * LOW HITPOINT WARNING * * *
You are splashed with acid!
* * * LOW HITPOINT WARNING * * *
You punch the brown ugly thing!
The brown ugly thing is almost dead.
The brown ugly thing tail-slaps you.
* * * LOW HITPOINT WARNING * * *
You are splashed with acid!
You die...

, #.#.....#.#*, ,
, ,* ,,
#.#####.#*, * **,
* , ###.....# * *
,, , ##)....###,,
*, , , ##()...##,
,, , ,
*##.##.##.# * ,
** ####.##...##.#
, * * ,
,#.#.##....u##.#
* . ,
*#.#.#......h#.#
* , .*
#.'.#[..⌠..)# + *
* .#
###.#.#......)#
*,* * .#
#...#.##.....## *
* , *
.###.#.##.##))(##
*
..##.#..##.#####
* , ,,,
.........##. , *
* , ..##.###..###
* , * , ...#...
...., , , *


You could see a brown ugly thing.

Vanquished Creatures
  A hydra (D:8)
  A centaur warrior (D:8)
  A two-headed ogre (D:8)
  A manticore (D:8)
  2 cyclopes (D:8)
  An unseen horror (D:8)
  A hornet (D:7)
  A wyvern (D:6)
  A vampire (D:8)
  A steam dragon (D:6)
  Edmund (D:4)
  An orc warrior (D:5)
  Duvessa (D:5)
  An ice beast (D:6)
  A black bear (D:5)
  2 centaurs (D:6)
  A phantom (D:5)
  A bullfrog (D:7)
  5 scorpions
  Dowan (D:5)
  4 killer bees (D:7)
  A howler monkey (D:6)
  3 hounds
  2 orc priests (D:3)
  2 jellies (D:4)
  2 gnoll boudas
  A sleepcap (D:7)
  2 iguanas
  4 orc wizards
  7 adders
  6 gnolls
  A shadow imp (D:6)
  6 white imps
  2 worms
  3 dart slugs
  20 orcs
  5 ball pythons
  6 endoplasms
  A giant cockroach (D:3)
  6 goblins
  3 hobgoblins
  6 jackals
  4 kobolds
  2 quokkas
  9 bats
  3 rats
137 creatures vanquished.

Notes
Turn   | Place    | Note
-------+----------+-------------------------------------------
     0 | D:1      | lunkers the Meteoran Shapeshifter began the quest for the
                  | Orb.
     0 | D:1      | Reached XP level 1. HP: 16/16 MP: 2/2
   204 | D:1      | Reached XP level 2. HP: 23/23 MP: 3/3
   229 | D:1      | Reached skill level 4 in Unarmed Combat
   499 | D:1      | Glimpsed the power of Zot.
   549 | D:1      | Glimpsed the power of Zot.
   651 | D:2      | Found Laotuos's Antique Armour Shop.
   683 | D:2      | Reached XP level 3. HP: 24/28 MP: 4/4
   997 | D:3      | Reached skill level 5 in Unarmed Combat
   997 | D:3      | Reached XP level 4. HP: 13/35 MP: 5/5
  1002 | D:3      | Reached XP level 5. HP: 15/40 MP: 6/6
  1082 | D:3      | Identified the +1 dagger "Jalug" {antimagic, rC++ rCorr}
  1231 | D:3      | Found a white marble altar of Elyvilon.
  1444 | D:4      | Reached skill level 6 in Unarmed Combat
  1485 | D:4      | Reached XP level 6. HP: 26/47 MP: 7/7
  1516 | D:4      | Reached skill level 5 in Shapeshifting
  1517 | D:4      | Found a glowing silver altar of Zin.
  1571 | D:4      | Found a shimmering altar of Xom.
  1571 | D:4      | Found an iron altar of Okawaru.
  1621 | D:4      | Became a worshipper of Warmaster Okawaru
  1625 | D:4      | Identified 2 scrolls of acquirement
  1625 | D:4      | Acquired a manual of Translocations
  1636 | D:4      | Acquired 851 gold pieces
  1685 | D:4      | Noticed Edmund
  1700 | D:4      | Killed Edmund
  1701 | D:4      | Reached skill level 7 in Unarmed Combat
  1701 | D:4      | Reached XP level 7. HP: 22/52 MP: 8/8
  1811 | D:4      | Reached * piety under Okawaru
  1969 | D:5      | Entered Level 5 of the Dungeon
  2059 | D:5      | Reached skill level 8 in Unarmed Combat
  2073 | D:5      | Noticed a small abomination
  2076 | D:5      | Found a transporter.
  2083 | D:5      | Found a one-way gate to the infinite horrors of the Abyss.
  2083 | D:5      | Noticed soul19's ghost (novice DsFi)
  2112 | D:5      | Noticed Dowan
  2127 | D:5      | Reached XP level 8. HP: 12/59 MP: 7/9
  2129 | D:5      | Killed Dowan
  2129 | D:5      | Noticed Duvessa
  2130 | D:5      | Reached skill level 1 in Invocations
  2163 | D:5      | Killed Duvessa
  2283 | D:5      | Reached skill level 9 in Unarmed Combat
  2297 | D:5      | Found a staircase to the Ecumenical Temple.
  2471 | D:6      | Found a shadowy altar of Dithmenos.
  2494 | D:6      | Gained mutation: You passively map the area around you.
                  | [Meteoran growth]
  2494 | D:6      | Reached XP level 9. HP: 67/68 MP: 12/12
  2500 | D:6      | Found Kaemaam's General Store.
  2521 | D:6      | Reached ** piety under Okawaru
  2588 | D:6      | Reached skill level 10 in Unarmed Combat
  2590 | D:6      | Found an ornate altar of the Wu Jian Council.
  2596 | D:6      | Found Uxzos's Antique Armour Emporium.
  2641 | D:6      | Found Uczin's Weapon Boutique.
  2650 | D:6      | Found a broken altar of Ashenzari.
  2670 | D:6      | Found a large runed translucent door.
  2670 | D:6      | Found a large runed translucent door.
  2672 | D:6      | Noticed Kurtz's ghost (novice OpFi)
  2693 | D:6      | Found a bloodstained altar of Trog.
  2730 | D:6      | Found Ledghid's Jewellery Shop.
  2745 | D:6      | Found Yklua's Armour Boutique.
  2754 | D:6      | Bought a +0 buckler for 58 gold pieces
  2923 | D:7      | Reached *** piety under Okawaru
  2942 | D:7      | Noticed a hornet
  2959 | D:7      | Killed a hornet
  2960 | D:7      | Reached XP level 10. HP: 56/80 MP: 14/14
  3047 | D:7      | Reached skill level 5 in Invocations
  3130 | D:7      | Found an ancient bone altar of Kikubaaqudgha.
  3255 | D:8      | Noticed a manticore
  3260 | D:8      | Noticed a centaur warrior
  3261 | D:8      | Noticed a cyclops
  3263 | D:8      | Killed a manticore
  3263 | D:8      | Noticed a cyclops
  3264 | D:8      | Reached skill level 5 in Dodging
  3264 | D:8      | Reached skill level 11 in Unarmed Combat
  3264 | D:8      | Noticed a two-headed ogre
  3271 | D:8      | Killed a centaur warrior
  3271 | D:8      | Reached **** piety under Okawaru
  3272 | D:8      | Reached skill level 5 in Fighting
  3272 | D:8      | Killed a cyclops
  3272 | D:8      | Noticed a six-headed hydra
  3280 | D:8      | Killed a two-headed ogre
  3280 | D:8      | Reached ***** piety under Okawaru
  3280 | D:8      | Received a gift from Okawaru
  3281 | D:8      | Reached skill level 12 in Unarmed Combat
  3281 | D:8      | Reached XP level 11. HP: 35/89 MP: 14/16
  3294 | D:8      | Killed a six-headed hydra
  3303 | D:8      | Killed a cyclops
  3323 | D:8      | Identified the +4 scale mail of Xifu {+Blink +Inv rPois
                  | Str-2}
  3334 | D:8      | Identified the +1 halberd of Etsugib {drain, Fragile Str+5
                  | SInv}
  3342 | D:8      | Noticed a brown ugly thing
  3359 | D:8      | HP: 4/89 [acid (7)]
  3360 | D:8      | Splashed by a brown ugly thing's acid

Illustrated notes

Levels and vault maps discovered:
D:1:      dpeg_arrival_water_fire, layout_loops_ring
D:2:      layout_rooms, serial_shops, shop
D:3:      layout_loops_ring, mainiacjoe_overflow_six_doors_small, serial_shops,
          shop, kennysheep_generic_room_12
D:4:      kennysheep_spiral_hall, layout_rooms,
          gammafunk_temple_overflow_elements, mainiacjoe_overflow_alcove_1,
          serial_corexii_hall, corexii_hall_statues_l, corexii_hall_statues_i,
          uniq_edmund
D:5:      layout_loops_cross, minmay_temple_entry_stoned_glass,
          gammafunk_ghost_abyssal_escape, st_stairs_1, uniq_crazy_yiuf_cottage,
          uniq_duvessa
D:6:      layout_cave_pools, overflow_temple_1_default,
          grunt_ashenzari_visionary [grunt_ashenzari_visionary_shoals,
          grunt_ashenzari_visionary_spider],
          mainiacjoe_overflow_small_starburst, nicolae_wu_jian_wuxing_cycle,
          serial_shops, nicolae_shop_waterfront, shop, nicolae_shop_waterfront,
          shop, nicolae_take_the_stairs, ebering_ghost_disaster_area
D:7:      layout_cave_pools, kiku_gazebo_pond_becter,
          ebering_ghost_disaster_area, corexii_checkpoint_b, due_unseen_surprise
D:8:      minmay_the_grid_octo_triangle [minmay_the_grid_octo_concentric,
          minmay_the_grid_octo_prize_big_c, minmay_the_grid_octo_chip],
          layout_loops_corners, slow_altar_2, gammafunk_ghost_grave,
          minmay_misc_feat_rows, minmay_misc_feat_pillars, worms_lemuel

Skill      XL: |  1  2  3  4  5  6  7  8  9 10 11 |
---------------+----------------------------------+-----
Unarmed Combat | 4 5 6 7 8 9 10 12 | 12.6
Shapeshifting  | 4 5 6 7 8 |  8.7
Invocations    | 2 4 6 7 |  7.0
Fighting       | 2 4 5 6 |  6.2
Dodging        | 3 4 6 |  6.5

Action                     |  1- 3 |  4- 6 |  7- 9 | 10-12 || total
---------------------------+-------+-------+-------+-------++-------
  Melee: Unarmed           |    54 |    97 |   236 |    72 ||   459
         Punch             |     1 |     3 |    10 |       ||    14
 Invoke: Heroism           |       |       |     4 |     2 ||     6
  Evoke: Wand              |       |       |     1 |       ||     1
    Use: Scroll            |       |    15 |     4 |     1 ||    20
         Potion            |       |     1 |     2 |       ||     3
 Armour: Animal skin       |    27 |     7 |       |       ||    34
         Leather armour    |       |    47 |   150 |    37 ||   234
         Skin              |       |    22 |     5 |       ||    27
  Dodge: Dodged            |    46 |    68 |   127 |    34 ||   275
  Block: Buckler           |       |       |    31 |    24 ||    55
         Other             |       |       |     3 |       ||     3
         Reflection        |       |       |     2 |     3 ||     5

Table legend: (Time is in decaauts)
 A = Elapsed time spent in this place.
 B = Non-inter-level travel time spent in this place.
 C = Inter-level travel time spent in this place.
 D = Time resting spent in this place.
 E = Time spent auto-exploring this place.
 F = Levels seen in this place.
 G = Mean time per level.
                   A        B        C        D        E       F      G
               +--------+--------+--------+--------+--------+-----+--------+
         Total |   3280 |   3053 |    227 |      0 |   1952 |   8 |  410.0 |
       Dungeon |   3280 |   3053 |    227 |      0 |   1952 |   8 |  410.0 |
               +--------+--------+--------+--------+--------+-----+--------+

Top non-repeatable levels by time:
     D:4: 617 daAuts
     D:1: 581 daAuts
     D:5: 435 daAuts
     D:2: 406 daAuts
     D:3: 358 daAuts
     D:7: 357 daAuts
     D:6: 348 daAuts
     D:8: 175 daAuts
